 Dungeon Crawl Stone Soup version 0.21.1-1-g345015f (webtiles) character file.

144 pk666 the Magician (level 5, -2/28 HPs)
             Began as a Deep Elf Wizard on Feb 13, 2018.
             Slain by an orc
             ... wielding a +0 war axe
              (4 damage)
             ... while paralysed by Grinder
             ... on level 3 of the Dungeon.
             The game lasted 00:06:46 (2906 turns).

pk666 the Magician (Deep Elf Wizard)                Turns: 2906, Time: 00:06:47

Health: -2/28      AC:  2    Str:  4    XL:     5   Next: 5%
Magic:  11/29      EV:  2    Int: 24    God:
Gold:   70         SH:  0    Dex: 13    Spells: 5/14 levels left

rFire    . . .     SeeInvis .   p - staff of power
rCold    . . .     Gourm    .   (no shield)
rNeg     . . .     Faith    .   a - +0 robe
rPois    .         Spirit   .   b - +0 hat
rElec    .         Reflect  .   (no cloak)
rCorr    .         Harm     .   (no gloves)
MR       .....                  (no boots)
Stlth    ++........             (no amulet)
HPRegen  0.09/turn              (no ring)
MPRegen  0.21/turn              (no ring)

@: paralysed, very slightly contaminated
A: no striking features
a: no special abilities


You were on level 3 of the Dungeon.
You were hungry.

You visited 1 branch of the dungeon, and saw 3 of its levels.

You collected 70 gold pieces.

Inventory:

Hand Weapons
 h - a +0 dagger
Armour
 a - a +0 robe (worn)
 b - a +0 hat (worn)
Magical Staves
 p - an uncursed staff of power (weapon)
Scrolls
 e - 3 scrolls of teleportation {unknown}
 f - 2 scrolls of random uselessness {unknown}
 g - 4 scrolls of identify {unknown}
 i - a scroll of remove curse {unknown}
 l - a scroll of noise {unknown}
 n - a scroll of fear {unknown}
Potions
 j - a potion of lignification {unknown}
 k - a potion of ambrosia {unknown}
 m - a potion of agility {unknown}
 o - a potion of heal wounds {unknown}
Books
 c - a book of Minor Magic

   Spells                             Type                      Level
   a - Magic Dart                     Conjuration                  1
   b - Blink                          Translocation                2
   c - Call Imp                       Summoning                    2
   d - Slow                           Hexes                        2
   e - Conjure Flame                  Conjuration/Fire             3
   f - Mephitic Cloud                 Conjuration/Poison/Air       3
Comestibles
 d - 3 rations


   Skills:
 + Level 1.3 Short Blades
 + Level 3.2 Dodging
 + Level 3.2 Stealth
 * Level 5.1 Spellcasting
 * Level 2.5 Conjurations
   Level 1.1 Summonings
 - Level 1.1 Translocations
 * Level 1.3 Fire Magic
 * Level 1.1 Air Magic
 * Level 1.0 Poison Magic


You had 5 spell levels left.
You knew the following spells:

 Your Spells              Type           Power        Failure   Level  Hunger
a - Magic Dart            Conj           ###.         3%          1    None
b - Blink                 Tloc           N/A          9%          2    None
d - Conjure Flame         Conj/Fire      ###.....     12%         3    ##.....
z - Mephitic Cloud        Conj/Pois/Air  ##......     14%         3    ##.....


Dungeon Overview and Level Annotations

Branches:
Dungeon (3/15)

Altars:
Trog

Annotations:
D:3 Grinder


Message History

Aiming: Conjure Flame
Press: ? - help, Dir - move target cursor, p - orc You miscast Conjure Flame.
You are very lightly contaminated with residual magic.
Nothing appears to happen.
The ball python hisses angrily.
The orc hits you with a war axe!
A kobold comes into view.
Casting: Conjure Flame
Confirm with . or Enter, or press ? or * to list all spells.
Aiming: Conjure Flame
Press: ? - help, Dir - move target cursor The fire ignites!
Grinder gestures at you.
You suddenly lose the ability to move!
The orc hits you with a war axe!
* * * LOW HITPOINT WARNING * * *
The kobold moves out of view.
A hobgoblin comes into view. It is wielding a club.
The orc hits you with a war axe.
You die...

.^#############..
.......<........>
....##...<.......
..........#####.
...#####o### ...
#.@.# ..
......##ยง# )
...##. #5# # .#
..# #. ..#g .#.5.
) #.#... .. ....
.) #.... ..#


You could see Grinder, an orc and a hobgoblin.

Vanquished Creatures
  Terence (D:1)
  Jessica (D:2)
  3 adders (D:2)
  An ooze (D:2)
  A worm (D:2)
  3 dart slugs
  2 leopard geckos
  2 orcs (D:3)
  11 bats
  2 giant cockroaches
  5 goblins
  2 hobgoblins (D:1)
  2 jackals (D:2)
  6 frilled lizards
  3 kobolds
  8 rats
53 creatures vanquished.

Notes
Turn   | Place    | Note
-------+----------+-------------------------------------------
     0 | D:1      | pk666 the Deep Elf Wizard began the quest for the Orb.
     0 | D:1      | Reached XP level 1. HP: 10/10 MP: 7/7
   218 | D:1      | Reached XP level 2. HP: 15/15 MP: 6/9
  1111 | D:2      | Noticed Terence
  1115 | D:2      | Reached XP level 3. HP: 19/19 MP: 6/11
  1176 | D:1      | Learned a level 2 spell: Blink
  1180 | D:1      | Learned a level 3 spell: Mephitic Cloud
  1184 | D:1      | Learned a level 3 spell: Conjure Flame
  1454 | D:2      | Found a bloodstained altar of Trog.
  1474 | D:2      | Noticed Jessica
  1480 | D:2      | Killed Jessica
  1669 | D:2      | Reached skill level 1 in Short Blades
  1669 | D:2      | Reached XP level 4. HP: 24/24 MP: 7/12
  2115 | D:2      | Reached skill level 1 in Fire Magic
  2158 | D:2      | Reached skill level 5 in Spellcasting
  2158 | D:2      | Reached skill level 1 in Air Magic
  2606 | D:1      | Killed Terence
  2606 | D:1      | Reached skill level 1 in Poison Magic
  2606 | D:1      | Reached XP level 5. HP: 6/28 MP: 6/14
  2886 | D:3      | Noticed an orc warrior
  2900 | D:3      | Noticed Grinder
  2904 | D:3      | Paralysed by Grinder for 5 turns
  2906 | D:3      | Slain by an orc

Skill      XL: |  1  2  3  4 |
---------------+-------------+-----
Stealth        | 3 |  3.2
Dodging        | 3 |  3.2
Conjurations   | 2 |  2.5
Short Blades   | 1 |  1.3
Fire Magic     | 1 |  1.3
Spellcasting   | 5 |  5.1
Air Magic      | 1 |  1.1
Poison Magic   | 1 |  1.0
Summonings     | |  1.1
Translocations | |  1.1

Action                   |  1- 3 |  4- 6 || total
-------------------------+-------+-------++-------
 Cast: Magic Dart        |    78 |    77 ||   155
       Blink             |     6 |       ||     6
       Conjure Flame     |       |     2 ||     2
       Mephitic Cloud    |       |     2 ||     2
  Eat: Chunk             |     2 |     3 ||     5
Armor: Robe              |     2 |     2 ||     4
Dodge: Dodged            |     8 |     4 ||    12
